Map: Simulacrum LE

Players

soO - Winner!

  • Race: Zerg Zerg
  • Spawn Location: 11:00

SpeCial

  • Race: Terran Terran
  • League: Master
  • Spawn Location: 5:00

Event: Shopify TSL 5

VOD

Have the link to the VOD?

Description

Time

  • Played on: May 24, 2020, 8:03 a.m.
  • Length: 11:29

All games in this series

Show
View Real Time Build Order
Export as new Build Order

soO Zerg - Winner!

Build Orders: Pool First 

Get SALT Encoding   

  12  0:00  Drone  
  13  0:12  Overlord  
  13  0:16  Drone  
  14  0:30  Drone x2  
  14  0:34  Drone  
  17  0:44  Spawning Pool  
  17  0:47  Drone  
  17  1:07  Hatchery  
  17  1:10  Drone  
  17  1:26  Extractor  
  17  1:31  Queen, Zergling x6  
  21  1:42  Overlord  
  21  1:53  Drone  
  22  2:04  Drone  
  22  2:06  Queen  
  25  2:15  Drone  
  26  2:20  Queen, Drone  
  29  2:29  Metabolic Boost  
  29  2:34  Drone x2  
  31  2:41  Drone  
  31  2:42  Overlord  
  31  2:45  Drone  
  31  2:47  Drone x2  
  33  2:51  Drone  
  33  2:55  Drone  
  34  3:02  Drone x2  
  36  3:12  Hatchery  
  35  3:13  Drone  
  36  3:24  Queen  
  36  3:25  Drone x2  
  40  3:30  Zergling x4  
  40  3:31  Overlord  
  42  3:36  Drone x2  
  44  3:42  Overlord  
  44  3:46  Roach Warren  
  43  3:49  Drone  
  43  3:50  Drone x2  
  43  3:53  Drone  
  43  3:54  Drone  
  43  3:55  Drone  
  49  4:00  Drone  
  49  4:02  Zergling x4  
  52  4:05  Overlord  
  52  4:09  Queen  
  52  4:16  Overlord  
  53  4:19  Overlord  
  53  4:28  Roach x4  
  61  4:32  Roach x2  
  61  4:37  Roach  
  61  4:38  Zergling x6  
  70  4:44  Drone x2  
  71  4:51  Drone x2  
  71  4:52  Drone  
  73  5:00  Drone x4  
  73  5:03  Zergling x6  
  73  5:05  Drone  
  73  5:06  Lair  
  81  5:09  Extractor  
  81  5:10  Extractor  
  81  5:11  Drone x3  
  82  5:19  Evolution Chamber x2, Drone  
  81  5:21  Drone  
  81  5:24  Overlord  
  82  5:29  Extractor  
  82  5:30  Extractor, Drone  
  82  5:34  Drone x4  
  83  5:41  Drone x3  
  83  5:42  Drone  
  83  5:45  Zergling x6  
  83  5:47  Overlord  
  83  5:49  Drone  
  86  5:52  Drone  
  86  5:54  Zerg Ground Armor Level 1  
  86  5:58  Zergling x4  
  86  6:03  Roach  
  90  6:07  Zerg Missile Weapons Level 1  
  90  6:09  Spore Crawler  
  90  6:11  Queen x2, Spore Crawler x2  
  88  6:16  Drone  
  88  6:17  Drone  
  93  6:20  Drone  
  93  6:22  Drone x5  
  93  6:23  Drone, Spire  
  98  6:26  Drone  
  98  6:30  Drone x2  
  101  6:33  Drone  
  101  6:35  Drone  
  101  6:38  Overseer  
  103  6:42  Glial Reconstitution  
  103  6:44  Overlord  
  103  6:56  Overlord x2  
  103  7:00  Overlord  
  103  7:02  Overlord  
  103  7:06  Roach  
  103  7:08  Overlord  
  105  7:11  Overlord  
  105  7:12  Hatchery  
  104  7:16  Roach x6  
  116  7:24  Roach x3  
  122  7:36  Mutalisk x3  
  122  7:37  Mutalisk x3  
  121  7:41  Drone  
  121  7:43  Extractor  
  133  7:50  Roach x6  
  145  7:52  Overlord  
  145  7:53  Overlord  
  145  8:03  Zerg Ground Armor Level 2  
  145  8:08  Roach x4  
  145  8:11  Overlord x3  
  153  8:14  Drone x3  
  153  8:16  Ravager  
  155  8:29  Roach x2  
  155  8:30  Roach x2  
  163  8:45  Roach x11  
  163  8:48  Ravager x2  
  185  8:56  Zerg Missile Weapons Level 2  
  185  8:59  Extractor  
  185  9:01  Ravager  
  185  9:02  Zergling x18  
  194  9:07  Hatchery  
  193  9:18  Roach x3  
  194  9:33  Roach  
  138  9:39  Roach  
  138  9:40  Roach x13  
  142  9:46  Roach x3  
  142  9:47  Roach x5  
  158  9:54  Ravager x3  
  161  10:04  Ravager x2  
  171  10:07  Roach x5, Zergling x14  
  143  10:26  Roach x11  
  148  10:30  Roach x6  
  148  10:35  Roach x2  
  159  10:40  Roach x3  
  159  10:41  Roach x2  
  167  10:46  Roach  
  167  10:47  Roach  
  167  10:49  Ravager x2  
  171  10:53  Roach x2  
  171  10:54  Roach  
  171  10:55  Zergling x8  
  181  11:01  Roach  
  183  11:05  Ravager x2  
  183  11:07  Roach x3, Zergling x2  
Show
View Real Time Build Order
Export as new Build Order

SpeCial Terran 

Build Orders: Reaper Expand 

Get SALT Encoding   

  12  0:00  SCV  
  13  0:12  SCV  
  14  0:17  Supply Depot  
  14  0:25  SCV  
  15  0:38  SCV  
  15  0:39  Barracks  
  16  0:43  Refinery  
  16  0:50  SCV  
  17  1:03  SCV  
  18  1:15  SCV  
  19  1:27  Orbital Command, Reaper  
  20  1:39  Command Center  
  20  1:49  Supply Depot  
  20  1:53  SCV  
  21  1:58  Marine  
  22  2:03  Factory  
  22  2:07  SCV  
  23  2:16  Marine  
  23  2:20  SCV  
  25  2:32  SCV  
  25  2:36  Barracks Reactor  
  26  2:44  SCV  
  26  2:56  SCV  
  26  3:08  SCV  
  26  3:11  Command Center  
  27  3:20  SCV  
  27  3:22  Starport  
  27  3:26  Refinery  
  28  3:28  Orbital Command  
  28  3:32  SCV  
  29  3:37  Hellion  
  29  3:40  Hellion  
  33  3:44  SCV  
  33  3:45  Marine  
  35  3:54  SCV  
  36  3:57  SCV  
  36  3:59  Hellion  
  39  4:03  Hellion  
  39  4:06  SCV  
  39  4:08  Fusion Core  
  42  4:10  Marine  
  42  4:12  Starport Tech Lab  
  43  4:19  SCV x2  
  45  4:25  Orbital Command  
  45  4:27  Supply Depot  
  45  4:30  Hellion  
  47  4:33  Hellion  
  47  4:34  SCV  
  50  4:40  SCV  
  51  4:47  SCV  
  51  4:51  Supply Depot  
  52  5:00  Battlecruiser  
  52  5:01  SCV  
  52  5:02  Marine, Bunker  
  52  5:03  Marine  
  52  5:05  Factory Tech Lab  
  61  5:07  SCV  
  61  5:09  SCV  
  61  5:12  Bunker  
  63  5:16  Bunker  
  63  5:19  SCV x2  
  63  5:21  SCV  
  66  5:22  Marine x2  
  66  5:25  Siege Tank  
  71  5:31  SCV  
  67  5:37  SCV x2  
  67  5:42  Marine x2  
  66  5:43  SCV  
  66  5:47  Refinery  
  66  5:49  SCV x2, Refinery  
  69  5:55  Barracks, SCV  
  70  5:58  Barracks  
  70  5:59  Engineering Bay x2  
  70  6:01  SCV x2  
  70  6:08  Siege Tank  
  66  6:11  Marine x2  
  66  6:12  SCV  
  66  6:13  SCV  
  66  6:18  Starport Reactor  
  71  6:24  Orbital Command  
  70  6:26  Terran Infantry Armor Level 1, Terran Infantry Weapons Level 1  
  70  6:27  SCV  
  70  6:28  SCV  
  70  6:29  Marine x2  
  74  6:33  Supply Depot  
  74  6:39  Barracks  
  74  6:40  Barracks  
  74  6:45  SCV x2  
  76  6:47  Marine  
  76  6:53  Stimpack  
  77  6:54  Factory Tech Lab  
  77  6:55  Supply Depot, Marine x3, Combat Shield  
  77  6:57  Supply Depot  
  77  7:00  SCV x2  
  77  7:01  SCV  
  83  7:09  Medivac  
  83  7:15  Supply Depot  
  85  7:16  SCV x3, Marine x2, Medivac  
  85  7:18  Siege Tank, Marine  
  85  7:19  Marine  
  97  7:28  SCV  
  97  7:29  SCV, Barracks Reactor x2  
  99  7:34  Marine  
  100  7:38  Barracks  
  100  7:39  Barracks x2  
  100  7:40  Armory  
  100  7:41  Supply Depot  
  100  7:42  Marine  
  100  7:43  Marine x2  
  103  7:49  Medivac  
  105  7:52  Marine  
  105  7:54  Medivac  
  105  7:58  Supply Depot  
  108  7:59  Supply Depot  
  108  8:00  Marine  
  108  8:02  Marine x2  
  108  8:03  Missile Turret  
  108  8:05  Siege Tank  
  114  8:09  Missile Turret  
  114  8:10  Missile Turret, Marine  
  114  8:12  Marine x2  
  115  8:19  Marine x2  
  118  8:20  Marine  
  118  8:22  Marine  
  118  8:23  Marine  
  118  8:25  SCV  
  120  8:27  Marine  
  120  8:30  Marine x3  
  120  8:33  Barracks Reactor  
  120  8:35  SCV x2  
  120  8:37  Marine x2  
  120  8:38  SCV  
  124  8:45  Marine x3  
  124  8:46  Marine  
  124  8:47  Marine  
  127  8:48  Siege Tank  
  127  8:55  Supply Depot  
  130  8:57  Supply Depot  
  130  8:58  Barracks Reactor  
  130  9:01  SCV x2  
  132  9:03  SCV, Terran Infantry Weapons Level 2  
  133  9:16  Marine x3, Medivac x2  
  140  9:17  Marine  
  140  9:19  Marine, Marauder  
  140  9:21  Marine  
  143  9:35  Marine  
  128  9:42  Marine x2  
  128  9:45  Marine x9  
  137  9:49  Siege Tank, Medivac  
  146  9:52  Marine  
  146  9:58  Supply Depot  
  145  10:00  Marine x2  
  145  10:02  Marine  
  145  10:03  Marine x2  
  149  10:12  Marine  
  149  10:13  Marine  
  149  10:14  Marine x4  
  148  10:15  Marine  
  148  10:17  Marine x2  
  148  10:20  Marine  
  148  10:21  Siege Tank, Marine x2  
  136  10:23  SCV  
  118  10:30  Marine  
  118  10:31  Marine x2  
  118  10:32  Marine x4  
  118  10:35  Marine  
  113  10:37  Marine  
  113  10:38  Marine  
  113  10:39  Marine x2, Medivac x2  
  122  10:48  Marine  
  122  10:49  Marine x3  
  125  10:50  Marine x2  
  125  10:53  Siege Tank  
  125  10:55  Marine x3  
  125  10:56  Marine  
  132  10:57  Marine x2  
  134  11:06  Marine  
  134  11:07  Marine x2  
  134  11:08  Marine x2, Marauder  
Tags
 
Add a new tag
Caveats
  • Supply blocks, unpowered buildings, or Contaminate may cause inaccurate times.
  • Supply counts are checked every 10 seconds.